Map: Overgrowth LE (Void)

Players

Neeb - Winner!

  • Race: Protoss Protoss
  • Spawn Location: 1:00

Zerghamdi

  • Race: Zerg Zerg
  • League: Master
  • Spawn Location: 7:00

Event: WESG 2016 Finals

VOD

Have the link to the VOD?

Description

Time

  • Played on: Jan. 13, 2017, 2:20 a.m.
  • Length: 5:26

All games in this series

Show
View Real Time Build Order
Export as new Build Order

Neeb Protoss - Winner!

Build Orders: 1 Gate Expand, Dark Templar Rush 

Get SALT Encoding   

  12  0:00  Probe (Chrono Boost)  
  13  0:11  Probe (Chrono Boost)  
  14  0:19  Pylon  
  14  0:22  Probe (Chrono Boost)  
  15  0:37  Probe (Chrono Boost)  
  15  0:39  Gateway  
  16  0:47  Probe (Chrono Boost)  
  17  0:51  Assimilator  
  17  0:58  Probe (Chrono Boost)  
  18  1:09  Probe (Chrono Boost)  
  19  1:19  Probe (Chrono Boost)  
  20  1:25  Nexus  
  20  1:33  Cybernetics Core  
  20  1:36  Probe (Chrono Boost)  
  21  1:41  Assimilator  
  21  1:47  Probe (Chrono Boost)  
  22  1:51  Pylon  
  22  1:57  Probe (Chrono Boost)  
  23  2:06  Adept  
  23  2:09  Warp Gate  
  23  2:11  Probe (Chrono Boost)  
  27  2:23  Probe (Chrono Boost)  
  27  2:35  Mothership Core (Chrono Boost)  
  29  2:38  Probe (Chrono Boost)  
  30  2:48  Probe (Chrono Boost)  
  30  2:49  Twilight Council  
  31  2:53  Probe (Chrono Boost)  
  31  2:58  Adept  
  34  2:59  Probe (Chrono Boost)  
  34  3:03  Probe (Chrono Boost)  
  36  3:09  Probe (Chrono Boost)  
  37  3:13  Gateway  
  37  3:14  Probe (Chrono Boost)  
  37  3:15  Robotics Facility  
  39  3:20  Probe (Chrono Boost)  
  39  3:24  Probe (Chrono Boost)  
  40  3:29  Pylon  
  40  3:30  Probe (Chrono Boost)  
  41  3:35  Probe (Chrono Boost)  
  41  3:36  Dark Shrine  
  42  3:41  Probe (Chrono Boost)  
  42  3:42  Gateway  
  42  3:43  Gateway  
  42  3:46  Probe (Chrono Boost)  
  46  3:58  Immortal  
  46  4:02  Pylon  
  48  4:12  Adept x2  
  46  4:28  Pylon  
  41  4:31  Pylon  
  41  4:37  Pylon  
  38  4:43  Adept x2  
  40  4:46  Adept  
  40  4:50  Probe (Chrono Boost)  
  40  4:51  Probe (Chrono Boost)  
  42  5:02  Probe (Chrono Boost)  
  42  5:03  Probe (Chrono Boost)  
  42  5:07  Adept  
  46  5:14  Probe (Chrono Boost)  
  46  5:15  Probe (Chrono Boost)  
  46  5:17  Dark Templar  
  46  5:19  Dark Templar  
Show
View Real Time Build Order
Export as new Build Order

Zerghamdi Zerg 

Build Orders: Pool First 

Get SALT Encoding   

  12  0:00  Drone  
  13  0:12  Overlord  
  13  0:17  Drone  
  14  0:31  Drone x2  
  16  0:38  Extractor  
  15  0:43  Spawning Pool  
  15  0:47  Drone  
  15  0:55  Drone  
  16  1:13  Drone  
  17  1:29  Hatchery  
  17  1:30  Zergling x2  
  17  1:33  Queen  
  19  1:40  Metabolic Boost  
  19  1:45  Drone  
  20  1:58  Roach Warren  
  19  2:04  Overlord  
  19  2:18  Zergling x6  
  22  2:32  Overlord  
  21  2:45  Roach x3  
  21  2:49  Roach  
  29  2:54  Roach  
  30  3:03  Roach  
  32  3:09  Roach  
  33  3:14  Roach  
  33  3:17  Roach  
  37  3:22  Roach  
  39  3:30  Overlord  
  39  3:34  Zergling x2  
  39  3:38  Zergling x2  
  41  3:45  Zergling x2  
  41  3:46  Zergling x2  
  43  3:49  Ravager  
  43  3:53  Zergling x2  
  46  3:55  Zergling x2  
  46  4:08  Zergling x6  
  48  4:16  Ravager  
  40  4:18  Zergling x4  
  40  4:23  Zergling x4  
  43  4:27  Zergling x2  
  42  4:34  Zergling x2  
  43  4:39  Zergling x4  
  43  4:45  Zergling x2  
  39  4:50  Zergling x2  
  39  4:52  Zergling x2  
  36  5:03  Zergling x4  
Tags
 
Add a new tag
Caveats
  • Supply blocks, unpowered buildings, or Contaminate may cause inaccurate times.
  • Supply counts are checked every 10 seconds.